 Dungeon Crawl Stone Soup version 0.24.0-13-gcf9b319 (webtiles) character file.

Game seed: 15819022205051441888, levelgen mode: deterministic

1132 Fang the Skirmisher (level 8, -6/76 HPs)
             Began as a Gargoyle Berserker on Dec 4, 2019.
             Was a Priest of Trog.
             Mangled by an ogre
             ... wielding a +0 giant spiked club
              (19 damage)
             ... on level 5 of the Dungeon.
             The game lasted 00:03:47 (5649 turns).

Fang the Skirmisher (Gargoyle Berserker)            Turns: 5649, Time: 00:03:48

Health: -6/76      AC:  8    Str: 28    XL:     8   Next: 36%
Magic:  8/8        EV: 14    Int:  8    God:    Trog [***...]
Gold:   313        SH:  0    Dex: 14    Spells: 7/7 levels left

rFire    . . .     SeeInvis .   a - +0 hand axe
rCold    . . .     Gourm    .   (no shield)
rNeg     + . .     Faith    .   b - +0 animal skin
rPois    ∞         Spirit   .   (no helmet)
rElec    +         Reflect  .   (no cloak)
rCorr    .         Harm     .   (no gloves)
MR       .....                  (no boots)
Stlth    ..........             (no amulet)
HPRegen  0.22/turn              y - +5 ring of dexterity
MPRegen  0.11/turn              (no ring)

@: berserking, very quick
A: negative energy resistance 1, electricity resistance, unbreathing,
petrification resistance, rot immunity, AC +5
a: Berserk, Trog's Hand, Renounce Religion


You were on level 5 of the Dungeon.
You worshipped Trog.
Trog was most pleased with you.
You were very hungry.

You visited 1 branch of the dungeon, and saw 5 of its levels.

You collected 313 gold pieces.

Inventory:

Hand Weapons
 a - a +0 hand axe (weapon)
Armour
 b - a +0 animal skin (worn)
Jewellery
 y - a +5 ring of dexterity (left hand)
 A - a cursed amulet of inaccuracy {unknown}
Wands
 n - a wand of flame (23)
Scrolls
 e - 4 scrolls of noise {unknown}
 f - 2 scrolls of enchant armour {unknown}
 g - 4 scrolls of teleportation {unknown}
 h - 2 scrolls of enchant weapon {unknown}
 j - a scroll of fear {unknown}
 l - a scroll of amnesia {unknown}
 o - 2 scrolls of fog {unknown}
 u - a scroll of remove curse {unknown}
 w - 2 scrolls of blinking {unknown}
 x - 4 scrolls of identify {unknown}
Potions
 d - 2 potions of invisibility {unknown}
 i - 4 potions of curing {unknown}
 k - 2 potions of degeneration {unknown}
 m - 3 potions of brilliance {unknown}
 p - 3 potions of heal wounds
 q - a potion of resistance {unknown}
 r - a potion of lignification {unknown}
 t - 2 potions of flight {unknown}
 v - a potion of might {unknown}
 z - a potion of magic {unknown}
Comestibles
 c - 8 rations
 s - 5 chunks of flesh


   Skills:
 + Level 6.2 Fighting
 + Level 5.1 Axes
 + Level 5.6 Armour
 + Level 4.2 Dodging


You had 7 spell levels left.
You didn't know any spells.
Your spell library was empty.

Dungeon Overview and Level Annotations

Branches:
Dungeon (5/15)
 Temple: D:4-7

Altars:


Innate Abilities, Weirdness & Mutations

You are resistant to torment.
Your stone body is resilient. (AC +5)
You are immune to poison.
You resist negative energy. (rN+)
You are resistant to electric shocks. (rElec)
You can survive without breathing.
You are immune to petrification.
You are immune to rotting.


Message History

You start putting on your armour.
You continue putting on your +0 animal skin.
The ogre closely misses you.
You continue putting on your +0 animal skin.
The ogre hits you with a +0 giant spiked club!!
Ouch! That really hurt!
You continue putting on your +0 animal skin. x2
The ogre closely misses you.
You finish putting on your +0 animal skin.
A red film seems to cover your vision as you go berserk!
You feel yourself moving faster!
You feel mighty!
You are feeling very hungry.
The ogre hits you with a +0 giant spiked club!!
* * * LOW HITPOINT WARNING * * *
You slash the ogre!
The ogre is severely wounded.
You barely miss the ogre.
The ogre is severely wounded.
The ogre hits you with a +0 giant spiked club!!
You die...

#............................#
#.##################..######.##
#.# #..##.......
###.##################.....[.....
..#.#................##..........
..+.'............................
..#+#................###########.
.....................# #.
.......<####....@....# ### #.
......### #.....O...##... ...###
......# #.............. ......
....).### ####+##........ .....#
........# #.##........ ..)..#
........# #.##........ .... +
........#######.##........ . #
+#+#+...+#.#.#..##.....### #...#
#.#.#...#.#.#.#..'.....+ .....


You could see an ogre.

Vanquished Creatures
  Grinder (D:3)
  Sigmund (D:5)
  2 sky beasts (D:5)
  2 ogres (D:4)
  An orc priest (D:4)
  An orc wizard (D:4)
  Crazy Yiuf (D:2)
  3 worker ants
  Natasha (thrice) (D:3)
  A hound skeleton (D:5)
  Robin (D:2)
  3 gnolls (D:4)
  8 adders
  2 adder skeletons (D:4)
  A worm (D:4)
  A leopard gecko (D:3)
  5 orcs
  3 bats
  4 giant cockroaches
  13 goblins
  6 hobgoblins
  4 jackals (D:2)
  9 kobolds
  3 quokkas
  2 ball pythons
  2 frilled lizards
  12 rats
95 creatures vanquished.

Notes
Turn   | Place    | Note
-------+----------+-------------------------------------------
     0 | D:1      | Fang the Gargoyle Berserker began the quest for the Orb.
     0 | D:1      | Reached XP level 1. HP: 14/14 MP: 1/1
    50 | D:1      | Reached XP level 2. HP: 11/19 MP: 2/2
   759 | D:2      | Reached XP level 3. HP: 22/24 MP: 3/3
   824 | D:2      | Noticed Robin
   826 | D:2      | Reached ** piety under Trog
   836 | D:2      | Killed Robin
   836 | D:2      | Reached XP level 4. HP: 22/29 MP: 4/4
  1066 | D:2      | Found a runed translucent door.
  1067 | D:2      | Noticed Crazy Yiuf
  1076 | D:2      | Killed Crazy Yiuf
  1076 | D:2      | Reached skill level 4 in Fighting
  1550 | D:3      | Reached XP level 5. HP: 28/33 MP: 5/5
  1814 | D:3      | Noticed Natasha
  1822 | D:3      | Killed Natasha
  1878 | D:3      | Noticed Grinder
  1879 | D:3      | Paralysed by Grinder for 3 turns
  1884 | D:3      | Paralysed by Grinder for 6 turns
  1901 | D:3      | Killed Grinder
  1901 | D:3      | Reached XP level 6. HP: 28/40 MP: 6/6
  2244 | D:3      | Noticed Natasha
  2257 | D:3      | Killed Natasha
  3433 | D:3      | Noticed Natasha
  3441 | D:3      | Killed Natasha
  3559 | D:4      | Reached skill level 5 in Fighting
  3577 | D:4      | Reached XP level 7. HP: 26/44 MP: 7/7
  3868 | D:4      | Reached *** piety under Trog
  4609 | D:4      | Reached skill level 5 in Armour
  5061 | D:5      | Entered Level 5 of the Dungeon
  5097 | D:5      | Reached XP level 8. HP: 30/51 MP: 8/8
  5201 | D:5      | Reached skill level 6 in Fighting
  5430 | D:5      | Noticed Sigmund
  5438 | D:5      | Killed Sigmund
  5438 | D:5      | Reached skill level 5 in Axes
  5649 | D:5      | Mangled by an ogre

Levels and vault maps discovered:
D:1:      lightli_arrival_maybe_door_vault, layout_basic,
          minmay_misc_feat_diagonals
D:2:      layout_basic, uniq_robin, uniq_crazy_yiuf_cottage
D:3:      layout_basic, uniq_grinder, uniq_natasha
D:4:      layout_loops_cross, serial_rivers, chequers_serial_rivers_small_3,
          chequers_serial_rivers_micro_e, chequers_serial_rivers_micro_c,
          chequers_serial_rivers_large_a
D:5:      layout_basic, first_ration, makhleb_altar_promises_db, uniq_sigmund

Skill      XL: |  1  2  3  4  5  6  7  8 |
---------------+-------------------------+-----
Axes           | 3 4 5 |  5.1
Dodging        | 2 3 4 |  4.2
Armour         | 3 4 5 |  5.6
Fighting       | 4 5 6 |  6.2

Action                   |  1- 3 |  4- 6 |  7- 9 || total
-------------------------+-------+-------+-------++-------
Melee: Hand axe          |    80 |   133 |   163 ||   376
Invok: Berserk           |     1 |     2 |     5 ||     8
       Trog's Hand       |       |     1 |       ||     1
 Stab: Distracted        |       |       |     1 ||     1
  Eat: Chunk             |       |     8 |    10 ||    18
       Ration            |       |     1 |       ||     1
Armor: Animal skin       |    34 |    42 |    57 ||   133
Dodge: Dodged            |    59 |    86 |    95 ||   240
